 Dungeon Crawl Stone Soup version 0.30.1-1-g62c8e00024 (webtiles) character file.

Game seed: 12560628506116821360

93 cheesebisquit the Grave Robber (level 4, -4/24 HPs)
             Began as a Deep Elf Necromancer on July 17, 2023.
             Slain by a goblin
             ... wielding a +0 club
             ... led by Robin
              (5 damage)
             ... on level 3 of the Dungeon.
             The game lasted 00:05:09 (1635 turns).

cheesebisquit the Grave Robber (DENe)               Turns: 1635, Time: 00:05:10

Health: -4/24      AC:  3    Str:  5    XL:     4   Next: 37%
Magic:  4/11       EV: 12    Int: 22    God:
Gold:   231        SH:  0    Dex: 15    Spells: 3/9 levels left

rFire   . . .        c - +2 short sword (freeze)
rCold   . . .        (no shield)
rNeg    . . .        a - +0 robe
rPois   .            m - +0 helmet
rElec   .            (no cloak)
rCorr   .            (no gloves)
SInv    .            (no boots)
Will    .....        (no amulet)
Stlth   ++           (no ring)
HPRegen 0.24/turn    (no ring)
MPRegen 0.12/turn

%: no passive effects
@: no status effects
A: no striking features
a: no special abilities


You were on level 3 of the Dungeon.
You visited 1 branch of the dungeon, and saw 3 of its levels.

You collected 231 gold pieces.

Inventory:

Hand Weapons
 c - a +2 short sword of freezing (weapon)
Armour
 a - a +0 robe (worn)
 m - a +0 helmet (worn)
Wands
 j - a wand of flame (30)
 n - a wand of iceblast (10)
Scrolls
 d - a scroll of identify {unknown}
 f - a scroll of vulnerability {unknown}
 h - a scroll of teleportation {unknown}
 k - a scroll of immolation {unknown}
 p - a scroll of enchant weapon {unknown}
 q - a scroll of enchant armour {unknown}
Potions
 b - a potion of magic
 e - a potion of resistance {unknown}
 g - a potion of flight {unknown}
 i - 2 potions of might {unknown}
 l - a potion of curing {unknown}
 o - a potion of ambrosia {unknown}
 r - a potion of mutation {unknown}


   Skills:
 - Level 2.4 Dodging
 - Level 2.4 Stealth
 + Level 3.3 Spellcasting
 + Level 6.9 Necromancy


You had 3 spell levels left.
You knew the following spells:

 Your Spells              Type           Power      Damage    Failure   Level
a - Necrotise             Necr           100%       1d9       1%          1
b - Cigotuvi's Dreadful   Necr/Pois/Air  26%        N/A       7%          2
c - Vampiric Draining     Necr           34%        2d8       1%          3

Your spell library contained the following spells:

 Spells                   Type           Power      Damage    Failure   Level
 Animate Dead             Necr           34%        N/A       7%          4
 Dispel Undead            Necr           34%        3d15      7%          4
 Agony                    Necr           34%        N/A       19%         5
 Death Channel            Necr           17%        N/A       71%         6
 Conjure Ball Lightning   Conj/Air       1%         3x3d6     100%        6
 Discord                  Hex            1%         N/A       100%        8
 Disjunction              Tloc           1%         N/A       100%        8


Dungeon Overview and Level Annotations

Branches:
Dungeon (3/15)

Altars:

Annotations:
D:3 Robin


Message History

Robin throws the goblin at you!
The hobgoblin hits your goblin skeleton.
The goblin hits your goblin skeleton with a +0 dagger.
Your goblin skeleton is destroyed!
The goblin hits you with a +0 club. The goblin barely misses you.
The goblin barely resists.
Your goblin skeleton hits Robin.
Your goblin skeleton closely misses the goblin.
The goblin hits you but does no damage. The goblin misses you.
The goblin hits you with a +0 club.
The goblin writhes in agony!
You kill the goblin!
The dead are walking!
Your goblin skeleton hits Robin but does no damage.
Your goblin skeleton hits the goblin.
The goblin hits you but does no damage. The goblin misses you.
The hobgoblin hits you but does no damage.
The goblin writhes in agony.
You kill the goblin!
The dead are walking!
Your goblin skeleton barely misses Robin.
Robin throws the goblin at you! The goblin completely misses you.
The goblin hits you with a +0 club.
Your goblin skeleton hits the goblin.
The hobgoblin hits you. The goblin closely misses you.
The goblin writhes in agony!
You kill the goblin!
The dead are walking!
Your goblin skeleton barely misses the hobgoblin.
Your goblin skeleton hits Robin but does no damage.
The goblin barely misses you. The goblin misses you.
The goblin closely misses you. The hobgoblin hits you.
You are too injured to fight recklessly!
You swap places.
Your goblin skeleton hits the goblin.
Your goblin skeleton hits the hobgoblin.
The goblin hits you but does no damage. Robin throws the goblin at you!
The hobgoblin hits you.
* * * LOW HITPOINT WARNING * * *
The goblin hits you with a +0 dagger.
* * * LOW HITPOINT WARNING * * *
The goblin hits you with a +0 club.
You die...

#... #.###.# #... ####.#....
#... #......#.# #...
##.##.###.# #Z."
##...#.....# #)Z)
#......#####
####.g)#######...#.#
.....ZgZg.....#.##.#
......)@g.......##.#
..>..Z..g.....#....#.# .
...##.####...########......#
..#.....<........# #.######
.#........#.#.#.# #)###.##
..........#...#.#
####.##.#.##
#............#.#
#......###.##
#........#...#.# #.##..##
##.. #........#...#.#
#.##...###.##


You could see Robin (ally target), a hobgoblin (strong, ally target), 3 goblins
and 5 friendly goblin skeletons.

Vanquished Creatures
  Jessica (D:2)
  2 adders (D:3)
  3 dart slugs
  An orc (D:3)
  4 endoplasms
  A giant cockroach (D:1)
  10 goblins
  4 hobgoblins
  2 ball pythons
  3 bats
  3 frilled lizards (D:1)
  3 kobolds
  A rat (D:1)
38 creatures vanquished.

Vanquished Creatures (collateral kills)
  A giant cockroach (D:1)
  2 rats
3 creatures vanquished.

Grand Total: 41 creatures vanquished

Notes
Turn   | Place    | Note
-------+----------+-------------------------------------------
     0 | D:1      | cheesebisquit the Deep Elf Necromancer began the quest for
                  | the Orb.
     0 | D:1      | Reached XP level 1. HP: 10/10 MP: 6/6
    66 | D:1      | Reached skill level 5 in Necromancy
   220 | D:1      | Reached XP level 2. HP: 15/15 MP: 5/8
   889 | D:2      | Reached skill level 6 in Necromancy
   981 | D:2      | Learned a level 2 spell: Cigotuvi's Dreadful Rot
  1041 | D:2      | Reached XP level 3. HP: 19/19 MP: 7/9
  1196 | D:2      | Noticed Jessica
  1199 | D:2      | Killed Jessica
  1362 | D:3      | Reached XP level 4. HP: 24/24 MP: 6/10
  1366 | D:3      | Learned a level 3 spell: Vampiric Draining
  1627 | D:3      | Noticed Robin
  1635 | D:3      | HP: 1/24 [goblin/+0 dagger[Robin] (2)]
  1635 | D:3      | Slain by a goblin

Illustrated notes

Levels and vault maps discovered:
D:1:      wander_arrival_chamber, layout_basic, minmay_tromino_i2
D:2:      layout_basic, uniq_jessica
D:3:      layout_loops_cross, xom_butterflies, uniq_robin

Skill      XL: |  1  2 |
---------------+-------+-----
Necromancy     | 5 6 |  6.9
Dodging        | |  2.4
Stealth        | |  2.4
Spellcasting   | |  3.3

Action                     |  1- 3 |  4- 6 || total
---------------------------+-------+-------++-------
   Cast: Necrotise         |    39 |    19 ||    58
 Armour: Robe              |       |     6 ||     6
  Dodge: Dodged            |     5 |    11 ||    16
